 Dungeon Sprint DCSS version 0.20-a0-81-g6e69d53 (webtiles) character file.

1120 packetloss the Severer (level 8, -7/87 HPs)
             Began as a Demonspawn Berserker on Nov 21, 2016.
             Was a High Priest of Trog.
             Mangled by a vampire knight
             ... wielding a +0 great mace
              (18 damage)
             ... in the Dungeon (Sprint VII: "The Pits").
             The game lasted 00:03:50 (900 turns).

packetloss the Severer (Demonspawn Berserker)        Turns: 900, Time: 00:03:50

Health: -7/87      AC: 13    Str: 25    XL:     8   Next: 12%
Magic:  0/8        EV:  9    Int:  8    God:    Trog [*****.]
Gold:   0          SH:  0    Dex: 13    Spells: 0 memorised, 7 levels left

rFire  . . .     SeeInvis .     k - +2 hand axe (chop)
rCold  . . .     Gourm    .     q - +3 chain mail
rNeg   . . .     Faith    .     (no shield)
rPois  .         Spirit   +     (no helmet)
rElec  .         Reflect  .     (no cloak)
rCorr  .         Harm     .     (no gloves)
MR     ++...     NoTele   +     (no boots)
Stlth  ..........               (no amulet)
                                (no ring)
                                (no ring)

@: berserking (expiring), regenerating, very quick
A: talons 1, iridescent scales 1, powered by death 1, magic shield
a: Berserk, Trog's Hand, Brothers in Arms, Burn Spellbooks, Renounce Religion


You were in the Dungeon.
You worshipped Trog.
Trog was extremely pleased with you.
You were not hungry.

You visited 1 branch

Inventory:

Hand Weapons
 a - a +0 hand axe
 k - a +2 hand axe of chopping (weapon)
   (You found it in the Dungeon)
Armour
 b - a +0 animal skin
 q - a +3 chain mail (worn)
   (You found it in the Dungeon)
 r - a +2 plate armour
   (You found it in the Dungeon)
Scrolls
 i - a scroll of blinking {!r}
 m - 3 scrolls of remove curse
 n - a scroll of summoning
Potions
 d - 6 potions of curing
 e - 6 potions of heal wounds
 f - a potion of haste
 g - 4 potions of magic
 h - 3 potions of berserk rage {!q}
 l - 2 potions of invisibility
Comestibles
 c - 8 bread rations {@e1}
 j - 4 chunks of flesh {@w0}
 o - 40 fruits
 p - 6 meat rations {@e2}


   Skills:
 - Level 3.0 Fighting
 + Level 15.6 Axes
 - Level 1.7 Armour
 - Level 1.7 Dodging


You had 7 spell levels left.
You didn't know any spells.

Dungeon Overview and Level Annotations

Branches:
Dungeon (1/1)

Altars:


Innate Abilities, Weirdness & Mutations

You have sharp toenails.
You are partially covered in iridescent scales. (AC +2)
You regenerate a little health from kills.
When hurt, damage is shared between your health and your magic reserves.


Message History

You see here a rapier.
There is an open door here.
You feel the effects of Trog's Hand fading.
There is an open door here.
Your skin stops crawling.
You feel less resistant to hostile enchantments.
There is an open door here.
There is an open door here.
You start waiting.
You feel yourself speed up.
You start waiting.
You feel less exhausted.
Your skin crawls.
You feel resistant to hostile enchantments.
You feel somewhat more hungry.
You open the door.
An iguana, a river rat and a vampire knight come into view.
The iguana hisses angrily.
The vampire knight shouts!
The river rat twitches its whiskers.
Spoiler Alert: The vampire knight can cast paralyse!
Unknown command.
The vampire knight hits you with a great mace!
The vampire knight bites you.
The vampire knight draws strength from your injuries!
The river rat misses you.
There is an open door here.
Spoiler Alert: The vampire knight can cast paralyse!
You take 12 damage, and have 46/58 hp.
MASSIVE DAMAGE!!
You now have 7/8 mp.
A red film seems to cover your vision as you go berserk!
You feel yourself moving faster!
You feel mighty!
You feel a lot more hungry. The river rat barely misses you.
The vampire knight hits you with a great mace!!
The vampire knight bites you.
The vampire knight draws strength from your injuries!
Spoiler Alert: The vampire knight can cast paralyse!
You now have 51/87 hp.
You slash the vampire knight! You hit the river rat.
You completely miss the iguana.
The iguana bites you but does no damage.
Your chain mail prevents you from hitting the vampire knight.
You claw the vampire knight. You hit the iguana but do no damage.
You slash the river rat!
You kill the river rat!
Trog accepts your kill.
Spoiler Alert: The vampire knight can cast paralyse!
You hit the vampire knight. You claw the vampire knight.
You barely miss the iguana.
The vampire knight points at you and mumbles some strange words.
You resist with almost no effort.
You hit the vampire knight but do no damage.
You claw the vampire knight. You hit the iguana. The iguana bites you!
Spoiler Alert: The vampire knight can cast paralyse!
You take 6 damage, and have 47/87 hp.
You now have 5/8 mp.
You hit the iguana. Your kick misses the iguana.
You hit the vampire knight but do no damage.
Unknown command.
You barely miss the iguana. You claw the iguana.
You hit the vampire knight but do no damage.
The vampire knight is infused with unholy energy.
The vampire knight draws life force from you and is healed!
Spoiler Alert: The vampire knight can cast paralyse!
You take 18 damage, and have 29/87 hp.
MASSIVE DAMAGE!!
You now have 3/8 mp.
Unknown command.
You closely miss the iguana. Your kick misses the iguana.
You barely miss the vampire knight. The iguana closely misses you.
Spoiler Alert: The vampire knight can cast paralyse!
Unknown command.
You hit the vampire knight.
You claw the vampire knight, but do no damage.
You hit the iguana.
You kill the iguana!
Trog accepts your kill.
Spoiler Alert: The vampire knight can cast paralyse!
You hit the vampire knight. Your kick misses the vampire knight.
The vampire knight hits you with a great mace!!
* * * LOW HITPOINT WARNING * * *
The vampire knight bites you but does no damage.
You take 22 damage, and have 8/87 hp.
MASSIVE DAMAGE!!
You now have 1/8 mp.
Unknown command.
Spoiler Alert: The vampire knight can cast paralyse!
You closely miss the vampire knight.
Unknown command.
Unknown command.
You hit the vampire knight.
Unknown command.
You barely miss the vampire knight.
You claw the vampire knight, but do no damage.
The vampire knight mumbles some strange words.
The vampire knight flickers and vanishes!
Deactivating autopickup; reactivate with Ctrl-A.
You are too berserk!
You hit something but do no damage. You claw something.
You hit something but do no damage. You claw something. Something hits you!!
You die...

.#..'.))).##.......
.#..#.))).##.......
'###########.......
..#.#.##..#########
.......#.######
#.#.#.##.#....#
.......#'#{...#
#.#.#.##.@....+
.....).#'#....#
#.#.#..).#....#
###############


There were no monsters in sight!

Vanquished Creatures
  A deep elf mage (D)
  A flying skull (D)
  A ynoxinul (D)
  A hungry ghost (D)
  A necrophage (D)
  A scorpion (D)
  A worker ant (D)
  An iguana (D)
  A river rat (D)
  2 white imps (D)
  2 leopard geckos (D)
  2 ball pythons (D)
  A bat zombie (D)
  A goblin (D)
  2 hobgoblins (D)
  8 jackals (D)
  2 kobolds (D)
29 creatures vanquished.

Notes
Turn   | Place    | Note
-------+----------+-------------------------------------------
     0 | D        | packetloss the Demonspawn Berserker began the quest for the Orb.
     0 | D        | Reached XP level 1. HP: 18/18 MP: 1/1
    11 | D        | Reached skill level 3 in Axes
    18 | D        | Reached ** piety under Trog
    24 | D        | Reached skill level 4 in Axes
   207 | D        | Noticed a worker ant
   213 | D        | Killed a worker ant
   213 | D        | Reached skill level 6 in Axes
   213 | D        | Gained mutation: You are partially covered in iridescent scales. (AC +2) [demonic ancestry]
   213 | D        | Reached XP level 2. HP: 24/24 MP: 2/2
   213 | D        | Gained mutation: You have sharp toenails. [demonic ancestry]
   213 | D        | Reached XP level 3. HP: 29/29 MP: 3/3
   273 | D        | Reached *** piety under Trog
   281 | D        | Reached **** piety under Trog
   405 | D        | Reached skill level 7 in Axes
   476 | D        | Noticed a scorpion
   499 | D        | Killed a scorpion
   499 | D        | Reached skill level 8 in Axes
   499 | D        | Reached XP level 4. HP: 32/35 MP: 4/4
   553 | D        | Reached ***** piety under Trog
   567 | D        | Noticed a deep elf mage
   577 | D        | Noticed a fire elemental
   577 | D        | Noticed a fire elemental
   577 | D        | Killed a deep elf mage
   577 | D        | Reached skill level 13 in Axes
   577 | D        | Reached XP level 5. HP: 38/41 MP: 5/5
   577 | D        | Gained mutation: You regenerate a little health from kills. [demonic ancestry]
   577 | D        | Reached XP level 6. HP: 44/47 MP: 6/6
   577 | D        | Reached XP level 7. HP: 49/52 MP: 7/7
   632 | D        | Noticed a ynoxinul
   637 | D        | Killed a ynoxinul
   637 | D        | Reached skill level 14 in Axes
   813 | D        | Noticed a hungry ghost
   813 | D        | Noticed a flying skull
   826 | D        | Killed a flying skull
   826 | D        | Reached skill level 15 in Axes
   830 | D        | Received a gift from Trog
   832 | D        | Killed a hungry ghost
   832 | D        | Gained mutation: When hurt, damage is shared between your health and your magic reserves. [demonic ancestry]
   832 | D        | Reached XP level 8. HP: 58/58 MP: 8/8
   884 | D        | Noticed a vampire knight
   895 | D        | HP: 8/87 [vampire knight/great mace (22)]
   900 | D        | Mangled by a vampire knight

Vault maps used:
D:        pitsprint

Skill      XL: |  1  2  3  4  5  6  7 |
---------------+----------------------+-----
Axes           | 6 8 13 15 | 15.6
Fighting       | |  3.0
Armour         | |  1.7
Dodging        | |  1.7

Action                   |  1- 3 |  4- 6 |  7- 9 || total
-------------------------+-------+-------+-------++-------
Melee: Hand axe          |    43 |    16 |    30 ||    89
       Kick              |     6 |     5 |    13 ||    24
Invok: Berserk           |     2 |     1 |     3 ||     6
       Trog's Hand       |     1 |     1 |     2 ||     4
 Stab: Distracted        |     1 |       |       ||     1
  Eat: Chunk             |     1 |       |     2 ||     3
       Meat ration       |       |       |     1 ||     1
Armor: Animal skin       |    12 |       |       ||    12
       Chain mail        |     4 |     4 |     4 ||    12
Dodge: Dodged            |    27 |     3 |     9 ||    39

Vault maps used:
D:        pitsprint

Table legend:
 A = Turns spent in this place as a percentage of turns spent in the entire game.
 B = Non-inter-level travel turns spent in this place as a percentage of non-inter-level travel turns spent in the entire game.
 C = Inter-level travel turns spent in this place as a percentage of turns spent in this place.
 D = Turns resting spent in this place as a percentage of non-inter-level travel turns spent in this place.
 E = Turns spent auto-exploring this place as a percentage of non-inter-level travel turns spent in this place.
 F = Non-inter-level travel turns spent in this place divided by the number of levels of this place that you've seen.
                   A       B       C       D       E      F
               +-------+-------+-------+-------+-------+----------------------
         Total | 100.0 | 100.0 |   0.0 |  11.0 |   0.0 | 399.0
       Dungeon | 100.0 | 100.0 |   0.0 |  11.0 |   0.0 | 399.0
               +-------+-------+-------+-------+-------+----------------------

Table legend:
 A = Kills in this place as a percentage of kills in entire the game.
 B = Kills by you in this place as a percentage of kills by you in the entire game.
 C = Kills by friends in this place as a percentage of kills by friends in the entire game.
 D = Other kills in this place as a percentage of other kills in the entire game.
 E = Experience gained in this place as a percentage of experience gained in the entire game.
 F = Experience gained in this place divided by the number of levels of this place that you have seen.
                   A       B       C       D       E      F
               +-------+-------+-------+-------+-------+----------------------
         Total | 100.0 | 100.0 |  -nan |  -nan | 100.0 | 1600.0
       Dungeon | 100.0 | 100.0 |  -nan |  -nan | 100.0 | 1600.0
               +-------+-------+-------+-------+-------+----------------------
